AoeStats
← tomhatherz

Fortress

510183475Analyzed
2v2 RM · 1d ago on Sep 29, 2026· 35m 30s· 4 players
Game mode
Random Map
Map size
Normal (6 player)
Population
200
Speed
Normal
Resources
Standard
Victory
Conquest
Starting age
Dark Age
Ending age
Imperial Age
RankedLock teamsTeams togetherTeam positionsShared explorationLock speedFull tech treeHidden civsTurbo modeCheats
Victory
Defeat
🇬🇧 Goths · United Kingdom
1091
+17
🇬🇧 Turks · United Kingdom
1070
+18
🇺🇸 Saxons · United States
1188
-21
🇺🇸 Persians · United States
1020
-14
Shambles
6:07 Loom
7:54 Feudal Age
9:12 Double-Bit Axe
11:46 Castle Age
9:41 Horse Collar
24:38 Imperial Age
22:18 Scale Mail Armor
22:25 Man-at-Arms
23:22 Chain Mail Armor
23:34 Heavy Plow
23:49 Bow Saw
24:20 Wheelbarrow
24:04 Long Swordsman
24:58 Forging
25:22 Perfusion
24:47 Capped Ram
25:03 Two-Handed Swordsman
26:00 Champion
26:42 Squires
30:29 Iron Casting
31:17 Pikeman
33:05 Blast Furnace
33:25 Halberdier
tomhatherz
9:40 Feudal Age
12:00 Double-Bit Axe
14:31 Castle Age
15:31 Gold Mining
18:58 Imperial Age
18:06 Loom
21:57 Town Watch
23:12 Conscription
25:35 Horse Collar
30:49 Padded Archer Armor
31:20 Heavy Plow
32:15 Wheelbarrow
34:32 Elite Janissary
35:41 Bow Saw
ClevsTheDevs
6:41 Feudal Age
13:07 Castle Age
11:19 Double-Bit Axe
14:04 Horse Collar
15:53 Stone Mining
15:55 Gold Mining
16:20 Bow Saw
16:39 Heavy Plow
20:01 Gold Shaft Mining
20:41 Wheelbarrow
21:55 Bloodlines
21:54 Scale Barding Armor
24:04 Chain Barding Armor
25:13 Forging
28:06 Imperial Age
25:54 Hand Cart
25:25 Loom
28:48 Cavalier
29:30 Husbandry
30:31 Plate Barding Armor
31:34 Iron Casting
32:03 Savar
34:22 Blast Furnace
Kazule
8:11 Feudal Age
12:15 Castle Age
10:22 Double-Bit Axe
10:18 Horse Collar
10:49 Loom
14:44 Wheelbarrow
21:14 Bow Saw
23:30 Heavy Plow
27:06 Imperial Age
25:02 Scale Mail Armor
25:14 Forging
27:48 Gambesons
28:04 Squires
27:50 Arson
28:24 Fortified Wall
27:56 Treadmill Crane
28:27 Masonry
29:06 Wheelbarrow
28:16 Town Watch
28:13 Elite Hearth Troop
28:15 Shield Wall
29:16 Conscription
29:32 Hoardings
31:38 Hand Cart
30:51 Crossbowman
31:39 Thumb Ring
31:00 Elite Varangian Guard
31:42 Arbalester
Connection lost

Rejoining the realm…

Still unreachable

The connection could not be restored.

Session expired

The server has moved on; the page needs a fresh start.